 Dungeon Crawl Stone Soup version 0.21.1-1-g345015fe64 (webtiles) character file.

182 Gargoyl the Skirmisher (level 5, -1/46 HPs)
             Began as a Centaur Abyssal Knight on Mar 29, 2018.
             Was a Believer of Lugonu.
             Killed by nerve-wracking pain
             ... invoked by Jessica
              (14 damage)
             ... on level 2 of the Dungeon.
             The game lasted 00:04:57 (2841 turns).

Gargoyl the Skirmisher (Centaur Abyssal Knight)     Turns: 2841, Time: 00:04:58

Health: -1/46      AC:  9    Str: 15    XL:     5   Next: 34%
Magic:  16/16      EV:  9    Int: 16    God:    Lugonu [**....]
Gold:   37         SH:  3    Dex: 14    Spells: 4/4 levels left

rFire    + . .     SeeInvis .   a - +1 hand axe
rCold    + . .     Gourm    .   e - +0 buckler
rNeg     . . .     Faith    .   n - +0 chain mail
rPois    +         Spirit   .   (no helmet)
rElec    +         Reflect  .   d - +0 cloak
rCorr    +         Harm     .   (no gloves)
MR       .....                  (no barding)
Stlth    ..........             (no amulet)
HPRegen  0.15/turn              l - ring of magical power
MPRegen  0.15/turn              (no ring)

@: brilliant, agile, resistant, very quick
A: large, hooves 3, deformed body, speed 2, tough skin 3
a: Depart the Abyss, Bend Space, Renounce Religion


You were on level 2 of the Dungeon.
You worshipped Lugonu.
Lugonu was pleased with you.
You were not hungry.

You visited 1 branch of the dungeon, and saw 3 of its levels.
You visited the Abyss 1 time.

You collected 37 gold pieces.

Inventory:

Hand Weapons
 a - a +1 hand axe (weapon)
Armour
 d - a +0 cloak (worn)
 e - a +0 buckler (worn)
 n - a +0 chain mail (worn)
Jewellery
 l - a ring of magical power (left hand)
Scrolls
 b - a scroll of remove curse
 g - a scroll of identify
Potions
 m - a potion of might {unknown}
 o - a potion of heal wounds {unknown}
Comestibles
 c - 7 rations


   Skills:
 + Level 3.9 Fighting
 + Level 2.6 Axes
 * Level 2.5 Armour
 + Level 1.3 Dodging
 + Level 0.3 Shields
 * Level 3.0 Invocations


You had 4 spell levels left.
You didn't know any spells.

Dungeon Overview and Level Annotations

Branches:
Dungeon (3/15)

Altars:
Qazlal

Annotations:
D:2 Jessica
D:3 Gitz's ghost, weakling MiFi


Innate Abilities, Weirdness & Mutations

You have hooves in place of feet.
Armour fits poorly on your strangely shaped body.
You cover ground very quickly.
You have extremely tough skin. (AC +3)


Message History

Beogh smites you!
* * * LOW HITPOINT WARNING * * *
It was a potion of resistance.
You feel protected.
Jessica mumbles some strange words.
Jessica blinks!
The orc priest hits you with a dagger.
* * * LOW HITPOINT WARNING * * *
It was a potion of agility.
You feel agile all of a sudden. Jessica closely misses you.
The orc priest looks encouraged for a moment.
It was a potion of brilliance.
You feel clever all of a sudden. Jessica hits you but does no damage.
The orc priest invokes the aid of Beogh against you.
You barely resist.
It was a potion of curing.
You feel better. Jessica casts a spell at you. Pain shoots through your body!
You die...

...#....>.#.#.####......[..#.#...
#>.#.##'###.#.#............#.##..
#..#.....##.#.#.#...#......#.#...
#..#......#.#.#.#..........#.#...
####........#.#.#................
#...............##....#+##.....##
#.#....##......................##
#.#............o.................
#.#.............@.......##.....#.
.......#####....@..#########...+.
#.#..#....##.......# #.###.
........#.###.##...# #.# ##
#.#...###.#......###### #.#
#.........#.#....#....# #.####
......#####.#....#....# #.....
#.#.#.#####.#....#....# #.....
#.#.#.......#....#....# #.....


You could see an orc priest and Jessica.

Vanquished Creatures
  An orc priest (D:2)
  A worker ant (D:2)
  4 gnolls (D:2)
  2 adders
  A worm (D:3)
  A leopard gecko (D:2)
  2 orcs (D:2)
  13 giant cockroaches
  10 goblins
  6 hobgoblins
  10 kobolds
  2 ball pythons
  4 bats
  2 frilled lizards (D:1)
  5 rats
64 creatures vanquished.

Notes
Turn   | Place    | Note
-------+----------+-------------------------------------------
     0 | Abyss:1  | Gargoyl the Centaur Abyssal Knight began the quest for the Orb.
     0 | Abyss:1  | Reached XP level 1. HP: 19/19 MP: 2/2
    39 | Abyss:1  | Found a corrupted altar of Lugonu.
    43 | Abyss:1  | Noticed a small abomination
    68 | Abyss:1  | Noticed an iron imp
    81 | Abyss:1  | Noticed a smoke demon
    81 | Abyss:1  | Noticed a yellow draconian annihilator
    83 | D:1      | Escaped the Abyss
   136 | D:1      | Reached * piety under Lugonu
   266 | D:1      | Reached XP level 2. HP: 26/26 MP: 3/3
   755 | D:1      | Reached skill level 1 in Dodging
   781 | D:2      | Reached XP level 3. HP: 31/31 MP: 4/4
  1180 | D:2      | Reached XP level 4. HP: 20/40 MP: 5/5
  1569 | D:2      | Found a stormy altar of Qazlal.
  1571 | D:2      | Noticed an air elemental
  1573 | D:2      | Noticed a fire elemental
  1573 | D:2      | Noticed an earth elemental
  1573 | D:2      | Noticed a water elemental
  1804 | D:2      | Reached ** piety under Lugonu
  2187 | D:3      | Noticed Gitz's ghost (weakling MiFi)
  2244 | D:3      | Noticed Jessica
  2502 | D:2      | Reached XP level 5. HP: 13/46 MP: 7/7
  2838 | D:2      | HP: 2/46 [orc priest/dagger (3)]
  2841 | D:2      | Killed from afar by Jessica

Skill      XL: |  1  2  3  4  5 |
---------------+----------------+-----
Dodging        | 1 |  1.3
Axes           | 2 |  2.6
Armour         | 2 |  2.5
Invocations    | 3 |  3.0
Fighting       | |  3.9
Shields        | |  0.3

Action                   |  1- 3 |  4- 6 || total
-------------------------+-------+-------++-------
Melee: Hand axe          |    60 |   108 ||   168
       Kick              |     9 |    18 ||    27
Invok: Depart the Abyss  |     1 |       ||     1
  Use: Scroll            |     3 |     3 ||     6
       Potion            |       |     6 ||     6
  Eat: Chunk             |       |     2 ||     2
       Ration            |       |     1 ||     1
Armor: Leather armour    |     6 |       ||     6
       Ring mail         |    15 |    57 ||    72
       Chain mail        |       |   105 ||   105
Dodge: Dodged            |    28 |    75 ||   103
Block: Buckler           |     8 |    29 ||    37
